[Event "*** Biggest EVER Titled Tuesday"]
[Site "Chess.com"]
[Date "2018.04.17"]
[Round "7"]
[White "Arystanner23"]
[Black "Ginger_GM"]
[Result "1-0"]
[WhiteElo "2498"]
[BlackElo "2447"]
[TimeControl "180+2"]
[EndTime "14:36:15 PDT"]
[Termination "Arystanner23 won by checkmate"]

1. e4 c5 2. Nf3 d6 3. Bb5+ Nc6 4. Bxc6+ bxc6 5. O-O Bg4 6. h3 Bh5 7. e5 e6 8. exd6 Bxd6 9. Nc3 Nf6 10. d3 Nd5 11. Ne4 O-O 12. Ng3 Bxg3 13. fxg3 a5 14. g4 Bg6 15.
Ne5 Qd6 16. Nc4 Qc7 17. a4 f5 18. Qe2 Rae8 19. Bd2 e5 20. Bxa5 Qb8 21. gxf5 Bxf5 22. Qd2 e4 23. dxe4 Rxe4 24. b3 Rd4 25. Qf2 Rf4 26.
Qxc5 Bxh3 27. Bd2 Rxf1+ 28. Rxf1 Qg3 29. Qxf8# 1-0

[Event "*** Biggest EVER Titled Tuesday"]
[Site "Chess.com"]
[Date "2018.04.17"]
[Round "7"]
[White "tigra"]
[Black "TregubovP"]
[Result "1-0"]
[WhiteElo "2702"]
[BlackElo "2571"]
[TimeControl "180+2"]
[EndTime "14:36:17 PDT"]
[Termination "tigra won by resignation"]

1. e4 c5 2. Nf3 e6 3. c3 d5 4.
exd5 exd5 5. d4 Nc6 6. Bb5 Bd6 7. O-O Ne7 8. dxc5 Bxc5 9. Re1 O-O 10. Be3 Bd6 11. Qa4 a6 12. Bxc6 bxc6 13. c4 Rb8 14. cxd5 cxd5 15. Bd4 Nf5 16. Bc3 Bc5 17. Qf4 Be6 18.
Be5 Rb4 19. Qd2 Qb6 20. a3 Re4 21. Nc3 Rxe1+ 22. Rxe1 Rd8 23. Na4 Qb5 24. Nxc5 Qxc5 25. g4 Nd6 26. Qg5 f6 27. Bxf6 Rd7 28. Rxe6 h6 29. Qg6 1-0

[Event "*** Biggest EVER Titled Tuesday"]
[Site "Chess.com"]
[Date "2018.04.17"]
[Round "7"]
[White "Parhamov"]
[Black "rasmussvane"]
[Result "0-1"]
[WhiteElo "2767"]
[BlackElo "2670"]
[TimeControl "180+2"]
[EndTime "14:36:29 PDT"]
[Termination "rasmussvane won by resignation"]

1. Nf3 d5 2. g3 g6 3. Bg2 Bg7 4. O-O e5 5. c4 dxc4 6. Na3 Nc6 7. Nxc4 e4 8. Ne1 Be6 9. Ne3 f5 10. d3 Nf6 11. Bd2 O-O 12. Bc3 Nd4 13. dxe4 Nxe4 14. Nd3 Nxc3 15. bxc3 Nb5 16. Nc5 Bf7 17. c4 Bxa1 18. Qxa1 Qd4 19. Nd5 Qxa1 20. Rxa1 Nd6 21. Nd7 Rfd8 22. c5 Kg7 23. N5f6 Ne4 24. Nxe4 Rxd7 25. Ng5 c6 26. a4 Rad8 27. Bf1 Rd1 28. Ra3 Rc1 29. Re3 Rdd1 30. Re7 Rxf1+ 31. Kg2 Kf6 32.
Rxf7+ Kxg5 33. e4 fxe4 34. h4+ Kh6 35. g4 Rg1+ 36. Kh3 Rc3+ 37. f3 Rxf3+ 0-1

[Event "*** Biggest EVER Titled Tuesday"]
[Site "Chess.com"]
[Date "2018.04.17"]
[Round "7"]
[White "SabinoBrunello"]
[Black "carlesdc96"]
[Result "1-0"]
[WhiteElo "2664"]
[BlackElo "2443"]
[TimeControl "180+2"]
[EndTime "14:36:38 PDT"]
[Termination "SabinoBrunello won by resignation"]

1. c4 e6 2. b3 Nf6 3. Bb2 b6 4. Nf3 Bb7 5. e3 c5 6. Be2 Be7 7. Rg1 d6 8. g4 h6 9. h4 e5 10. d4 cxd4 11. exd4 e4 12. Nfd2 Nfd7 13. Nc3 e3 14. fxe3 Bxh4+ 15. Kf1 Qf6+ 16. Bf3 Nc6 17. Nde4 Qg6 18. Nb5 O-O 19. Nexd6 Rab8 20. Qb1 Qe6 21. Nf5 Qf6 22. Bxc6 Qxc6 23. d5 Qg6 24. Nxh4 Qg5 25. Nf5 g6 26. Qe4 Rbe8 27. Qd4 Ne5 28. Rg2 f6 29. Nbd6 Nf3 30. Qf4 Qxg4 1-0

[Event "*** Biggest EVER Titled Tuesday"]
[Site "Chess.com"]
[Date "2018.04.17"]
[Round "7"]
[White "Korchmar_Vasiliy"]
[Black "Koksik_13"]
[Result "1-0"]
[WhiteElo "2679"]
[BlackElo "2497"]
[TimeControl "180+2"]
[EndTime "14:36:39 PDT"]
[Termination "Korchmar_Vasiliy won by resignation"]

1. d4 e6 2. Bf4 Nf6 3. e3 b6 4.
Nf3 Bb7 5. Nbd2 Be7 6. h3 Ne4 7.
Bd3 f5 8. O-O O-O 9. c4 d6 10.
Qc2 Nxd2 11. Nxd2 Nd7 12. b4 Qe8 13. Rab1 Kh8 14. c5 Bd5 15. Bc4 Bxc4 16. Nxc4 d5 17.
Nd2 Rc8 18. Nf3 Bf6 19. c6 Nb8 20. b5 Qe7 21. a4 g5 22. Be5 g4 23. hxg4 fxg4 24.
Bxf6+ Qxf6 25. Ne5 Qg5 26. Qe2 h5 27. g3 Kg7 28. Kg2 Rf5 29. Rh1 Rcf8 30. Nd3 Rf3 31. Nf4 R8xf4 32. exf4 Qf5 33. Rbe1 Kf7 34. Qe5 Qxe5 35.
Rxe5 a6 36. Rhxh5 axb5 37. axb5 Rb3 38. Rh8 Rxb5 39. Rxb8 Rb2 40. Rb7 Kf6 41. Rxc7 b5 42. Rb7 b4 43. c7 b3 44. c8=Q Rxf2+ 1-0

[Event "*** Biggest EVER Titled Tuesday"]
[Site "Chess.com"]
[Date "2018.04.17"]
[Round "7"]
[White "Noukii"]
[Black "GMAkobianSTL"]
[Result "0-1"]
[WhiteElo "2624"]
[BlackElo "2650"]
[TimeControl "180+2"]
[EndTime "14:36:42 PDT"]
[Termination "GMAkobianSTL won by resignation"]

1. d4 d5 2. c4 e6 3. Nf3 c5 4. cxd5 exd5 5. g3 Nc6 6. Bg2 Nf6 7. O-O Be7 8. dxc5 Bxc5 9. a3 a6 10. b4 Ba7 11. Nc3 O-O 12. Bg5 Be6 13. Rc1 Re8 14. e3 Rc8 15. Bxf6 gxf6 16. Nxd5 Qxd5 17. Nd4 Qe5 18. Nxc6 bxc6 19. Bxc6 Rxc6 20. Rxc6 Qe4 21. Qc2 Qf3 22. Rxe6 Rxe6 23. Qd1 Rxe3 24. Qd7 Bb6 25.
Qc8+ Kg7 26. Qxa6 Re6 27. Qb5 Bd4 28. Qc4 Re4 29. Qc2 Re2 0-1

[Event "*** Biggest EVER Titled Tuesday"]
[Site "Chess.com"]
[Date "2018.04.17"]
[Round "7"]
[White "Anar_Aliakbarov"]
[Black "HarutyunianTigranK"]
[Result "0-1"]
[WhiteElo "2386"]
[BlackElo "2679"]
[TimeControl "180+2"]
[EndTime "14:36:42 PDT"]
[Termination "HarutyunianTigranK won by resignation"]

1. d4 Nf6 2. c4 e6 3. Nf3 d5 4.
Nc3 c6 5. cxd5 exd5 6. Bg5 Be7 7. Qc2 g6 8. e4 dxe4 9. Bxf6 Bxf6 10. Qxe4+ Kf8 11.
Bc4 Kg7 12. O-O Bf5 13. Qf4 Nd7 14. Rfe1 Nb6 15. Bb3 Nd5 16. Nxd5 cxd5 17. Rac1 Be4 18. Rc7 Re8 19. Ng5 Bf5 20. Rxf7+ Kg8 21. Rxe8+ Qxe8 22. h4 Bxg5 23. Qd6 Kxf7 24. Bxd5+ Be6 25. Bxe6+ 0-1

[Event "*** Biggest EVER Titled Tuesday"]
[Site "Chess.com"]
[Date "2018.04.17"]
[Round "7"]
[White "maximlavrov"]
[Black "omer1997"]
[Result "0-1"]
[WhiteElo "2462"]
[BlackElo "2120"]
[TimeControl "180+2"]
[EndTime "14:36:45 PDT"]
[Termination "omer1997 won on time"]

1. g3 d5 2. Nf3 Nf6 3. Bg2 Bf5 4. O-O e6 5. c4 c6 6. d3 Be7 7. cxd5 exd5 8. Nc3 O-O 9. Nd4 Bg6 10. e4 Nbd7 11. h3 Re8 12. f4 Bc5 13. Ne2 Qb6 14. Be3 dxe4 15. f5 Bh5 16. g4 Bxg4 17. hxg4 Nxg4 18. b4 Nxe3 19. bxc5 Nxc5 20. Qd2 Nxf1 21. Rxf1 exd3 22. Ng3 Ne4 23. Nxe4 Rxe4 24. Bxe4 Qxd4+ 25. Qf2 Qxe4 26. f6 Qg4+ 27. Kh1 Qh5+ 28. Kg1 Qg5+ 29. Kh1 Qxf6 0-1

[Event "*** Biggest EVER Titled Tuesday"]
[Site "Chess.com"]
[Date "2018.04.17"]
[Round "7"]
[White "PenguinPacks"]
[Black "aa175"]
[Result "1-0"]
[WhiteElo "2148"]
[BlackElo "1882"]
[TimeControl "180+2"]
[EndTime "14:36:45 PDT"]
[Termination "PenguinPacks won on time"]

1. d4 e5 2. dxe5 Nc6 3. Nf3 Qe7 4.
Qd5 g6 5. Nc3 Bg7 6. Bg5 Qe6 7.
O-O-O Nxe5 8. Nb5 Qxd5 9. Nxc7+ Kf8 10. Rxd5 Nxf3 11. exf3 Rb8 12. Bb5 f6 13. Bf4 Ne7 14. Bd6 Kf7 15. Bc4 Bh6+ 16. Rd2+ Kf8 17. Re1 Bxd2+ 18.
Kxd2 Kg7 19. Rxe7+ Kh6 20. Nd5 Ra8 21. Nxf6 1-0

[Event "*** Biggest EVER Titled Tuesday"]
[Site "Chess.com"]
[Date "2018.04.17"]
[Round "7"]
[White "IMVoja"]
[Black "nubair1198"]
[Result "1-0"]
[WhiteElo "2321"]
[BlackElo "2517"]
[TimeControl "180+2"]
[EndTime "14:36:47 PDT"]
[Termination "IMVoja won by resignation"]

1. Nf3 d5 2. c4 d4 3. e3 c5 4. b4 f6 5. exd4 cxd4 6. c5 e5 7. Bc4 a5 8. Qb3 Nh6 9. d3 a4 10. Qc2 Nf5 11. Nbd2 Bd7 12. a3 b6 13. Qa2 bxc5 14. Bf7+ Ke7 15. bxc5 Qa5 16. O-O Na6 17. Ne4 Kd8 18. Bd2 Qc7 19. Rac1 Bc6 20. Rfe1 Be7 21.
Bd5 Rc8 22. Be6 Bd7 23. c6 Bxe6 24. Qxe6 Nd6 25. Nxd6 Qxd6 26. Ba5+ Ke8 27. Qxc8+ Kf7 28. Qxh8 Qxa3 29. c7 Nxc7 30. Rxc7 Qxd3 31. Bb4 Kg6 32. Qe8+ Kh6 33. Qxe7 Qg6 34. Nh4 1-0

[Event "*** Biggest EVER Titled Tuesday"]
[Site "Chess.com"]
[Date "2018.04.17"]
[Round "7"]
[White "chessking2151"]
[Black "DryCounty"]
[Result "0-1"]
[WhiteElo "2357"]
[BlackElo "2510"]
[TimeControl "180+2"]
[EndTime "14:36:47 PDT"]
[Termination "DryCounty won by resignation"]

1. Nf3 Nf6 2. c4 g6 3. Nc3 Bg7 4. g3 O-O 5. Bg2 d6 6. d4 Nc6 7.
O-O e5 8. dxe5 dxe5 9. Qxd8 Rxd8 10. Bg5 h6 11. Bxf6 Bxf6 12. Nd5 Kg7 13. Nxc7 Rb8 14.
Nd5 e4 15. Nd2 Bxb2 16. Rab1 Ba3 17. Nxe4 Bf5 18. Rb3 Bf8 19. e3 Na5 20. Rc3 Nxc4 21. Rxc4 Rxd5 22. g4 Be6 23. Rc7 Ra5 24. h3 Rxa2 25.
Rd1 b6 26. g5 Rc8 27. Rb7 Rcc2 28. Rd8 hxg5 29. Nxg5 Bb3 30. Rdd7 Rxf2 31. Bf3 Rfb2 32. Rxf7+ Bxf7 33. Rxf7+ Kh6 34. Bd1 Kxg5 0-1

[Event "*** Biggest EVER Titled Tuesday"]
[Site "Chess.com"]
[Date "2018.04.17"]
[Round "7"]
[White "IMAghasiyevKamal"]
[Black "savinspm"]
[Result "1-0"]
[WhiteElo "2501"]
[BlackElo "2015"]
[TimeControl "180+2"]
[EndTime "14:36:48 PDT"]
[Termination "IMAghasiyevKamal won by resignation"]

1. d4 Nf6 2. c4 e6 3. Nf3 Bb4+ 4. Bd2 Qe7 5. g3 b6 6. Bg2 Bb7 7. O-O O-O 8. Bf4 Bd6 9. Bxd6 cxd6 10. Nc3 Nc6 11.
e4 e5 12. Nd5 Nxd5 13. exd5 Nd8 14. Re1 f6 15. Nh4 Re8 16. Qd2 Nf7 17. a4 Rac8 18.
b3 Qd8 19. a5 bxa5 20. Rxa5 Qb6 21. Rb5 Qc7 22. Nf5 g6 23. Ne3 a6 24. Rb4 Rb8 25. Ng4 Kg7 26. h4 h5 27. Ne3 Bc8 28. Rxb8 Qxb8 29.
Rb1 Qa7 30. Nc2 Nh6 31. dxe5 dxe5 32. b4 d6 33. Qc3 Bf5 34. c5 Rc8 35. c6 Qb6 36.
Rb2 Ng4 37. Ne3 Nh6 38. Bf1 Be4 39. Ra2 Qd4 40. Qc1 Ng4 41. Rxa6 Nxe3 42. Qxe3 Qxd5 43.
Ra7+ Kg8 44. Qh6 Qf7 45. Rxf7 Kxf7 46. b5 1-0

[Event "*** Biggest EVER Titled Tuesday"]
[Site "Chess.com"]
[Date "2018.04.17"]
[Round "7"]
[White "nurmiTV"]
[Black "Abund"]
[Result "0-1"]
[WhiteElo "2451"]
[BlackElo "2478"]
[TimeControl "180+2"]
[EndTime "14:36:50 PDT"]
[Termination "Abund won by resignation"]

1. c4 e5 2. Nc3 Nf6 3. g3 Nc6 4. Bg2 Bb4 5. Nf3 O-O 6. O-O Re8 7. d3 Bxc3 8. bxc3 e4 9. Nd4 h6 10. Bf4 d6 11. h3 Ne5 12. Rb1 c5 13. Nc2 exd3 14. exd3 Bf5 15. Ne1 Rb8 16. g4 Bh7 17.
Rxb7 Rxb7 18. Bxb7 Qa5 19. d4 Nxc4 20. dxc5 Qxc5 21.
Bg2 Be4 22. Nf3 Nd5 23. Bd2 Nxd2 24. Qxd2 Qxc3 25. Qd1 Nf4 26. Qd2 Qxd2 27. Nxd2 Bxg2 0-1

[Event "*** Biggest EVER Titled Tuesday"]
[Site "Chess.com"]
[Date "2018.04.17"]
[Round "7"]
[White "StoreySniper"]
[Black "vuqaresedli"]
[Result "0-1"]
[WhiteElo "2245"]
[BlackElo "2385"]
[TimeControl "180+2"]
[EndTime "14:36:51 PDT"]
[Termination "vuqaresedli won on time"]

1. e4 e5 2. Nf3 Nf6 3. Nxe5 d6 4. Nf3 Nxe4 5. Nc3 Nxc3 6. dxc3 Be7 7. Bf4 Nd7 8. Qd2 Nc5 9. O-O-O O-O 10. Be3 Be6 11. Bxc5 dxc5 12. Qxd8 Raxd8 13. Rxd8 Rxd8 14. c4 Bf6 15. Be2 g6 16. b3 Kg7 17. Bd3 h5 18. h3 b6 19. Re1 a5 20. a4 Kf8 21. Bxg6 Bxh3 22.
Bxf7 Bxg2 23. Bxh5 Bg7 24. Nh4 Bh6+ 25. Kb2 Bh3 26.
f4 Rd2 27. Re8+ Kg7 28. Re7+ Kg8 29. f5 Bg7+ 30. Kc1 Rh2 31. Re8+ Kh7 32. Bg6+ Kh6 33. Nf3 Rh1+ 34. Kd2 Bg4 35. Ne5 Rd1+ 36. Ke3 Kg5 37. Nf3+ Bxf3 38. Kxf3 Rd2 39. Rc8 Rxc2 40. Rxc7 Rc3+ 41.
Ke4 Bd4 42. Rh7 Rxb3 43. Rh5+ Kg4 44. Rh7 Rb4 45. Kd5 Rxa4 0-1

[Event "*** Biggest EVER Titled Tuesday"]
[Site "Chess.com"]
[Date "2018.04.17"]
[Round "7"]
[White "Tash_Boy"]
[Black "FastChance"]
[Result "0-1"]
[WhiteElo "2536"]
[BlackElo "2689"]
[TimeControl "180+2"]
[EndTime "14:36:56 PDT"]
[Termination "FastChance won by resignation"]

1. e4 e6 2. d4 d5 3. Nc3 Nc6 4. Bb5 Nf6 5. e5 Nd7 6. f4 a6 7. Be2 b6 8. Nf3 Bb7 9. O-O g6 10. Be3 Ne7 11. g4 h5 12. h3 c5 13. Qd2 Qc7 14.
Rae1 Bg7 15. Ng5 hxg4 16. hxg4 cxd4 17. Bxd4 Nc5 18. Qe3 Bf8 19. b4 Nc6 20. Kg2 Nxb4 21. Rc1 O-O-O 22. f5 gxf5 23. gxf5 Bh6 24. Kf2 Rdg8 25.
Rg1 Nc6 26. Bxc5 bxc5 27. Na4 d4 28. Qf4 Nxe5 29. Kf1 f6 0-1

[Event "*** Biggest EVER Titled Tuesday"]
[Site "Chess.com"]
[Date "2018.04.17"]
[Round "7"]
[White "platy3"]
[Black "Sam_ChessMood"]
[Result "0-1"]
[WhiteElo "2659"]
[BlackElo "2641"]
[TimeControl "180+2"]
[EndTime "14:36:56 PDT"]
[Termination "Sam_ChessMood won by resignation"]

1. e4 c5 2. Nf3 d6 3. d4 cxd4 4. Nxd4 Nf6 5. Nc3 a6 6. Bg5 e6 7. f4 h6 8. Bh4 Qb6 9. Qd2 Qxb2 10.
Rb1 Qa3 11. e5 dxe5 12. fxe5 Nfd7 13. Ne4 Qxa2 14. Rd1 Qb2 15. Qe3 Bc5 16. Be2 Nc6 17. Nxe6 Qb4+ 18. c3 Bxe3 19. cxb4 fxe6 20. Rf1 g5 21.
Nd6+ Kd8 22. Bg3 Kc7 23. Rf7 Rd8 24. Bg4 Bf4 25. Bxe6 Nxe5 26. Bxf4 gxf4 27. Rxf4 Nb6 28. Bxc8 Nxc8 29. Nxc8 Rxd1+ 30. Kxd1 Rxc8 31. Rf6 Rd8+ 32. Ke2 Rd6 33. Rf5 Nc6 0-1

[Event "*** Biggest EVER Titled Tuesday"]
[Site "Chess.com"]
[Date "2018.04.17"]
[Round "7"]
[White "Superfelix"]
[Black "sergeikim"]
[Result "1/2-1/2"]
[WhiteElo "2353"]
[BlackElo "2444"]
[TimeControl "180+2"]
[EndTime "14:36:58 PDT"]
[Termination "Game drawn by repetition"]

1. e4 e5 2. Nf3 Nc6 3. d4 exd4 4. Nxd4 Bc5 5. Nf5 Qf6 6. Nc3 Nge7 7. Ne3 d6 8. Be2 Be6 9. O-O Nd4 10. Bd3 O-O-O 11.
Kh1 g5 12. Ned5 Nxd5 13. exd5 Bd7 14. Ne4 Qg7 15. Bxg5 Rhg8 16. Rg1 Rde8 17. Bf6 Qh6 18. c3 Nf5 19. Nxc5 dxc5 20. Qf3 Qxf6 21. g4 Rg5 22. gxf5 Reg8 23. Rg3 h6 24. Rag1 Qe5 25.
Rxg5 hxg5 26. Qe4 Qd6 27. c4 Rh8 28. Rg3 f6 29. Qe1 Qf4 30. Kg2 Bxf5 31. Bxf5+ Qxf5 32. Qe7 Qf4 33. Qxc5 Qe4+ 34. Kg1 Qe1+ 35. Kg2 Qe4+ 36. Kf1 Qb1+ 37. Kg2 Qe4+ 1/2-1/2

[Event "*** Biggest EVER Titled Tuesday"]
[Site "Chess.com"]
[Date "2018.04.17"]
[Round "7"]
[White "lukas_111111"]
[Black "BlackBoarder"]
[Result "1-0"]
[WhiteElo "2501"]
[BlackElo "2228"]
[TimeControl "180+2"]
[EndTime "14:37:08 PDT"]
[Termination "lukas_111111 won by resignation"]

1. e4 e6 2. d4 d5 3. Nc3 Bb4 4. e5 Ne7 5. a3 Bxc3+ 6. bxc3 c5 7. Qg4 O-O 8. Bd3 f5 9. exf6 Rxf6 10. Bg5 Rf7 11. Qh5 g6 12. Qd1 Qa5 13. Nf3 Nd7 14.
Qd2 Nc6 15. h4 cxd4 16. cxd4 Qxd2+ 17. Bxd2 e5 18. dxe5 Ndxe5 19. Nxe5 Nxe5 20. Be2 Bf5 21. Bc3 Re8 22. O-O-O Rc7 23. Kb2 Nc4+ 24. Bxc4 Rxc4 25. Rd4 Rxd4 26. Bxd4 Re2 27. Rc1 a6 28. Kb3 Re8 29.
f3 h5 30. Kb4 Kf7 31. c4 dxc4 32. Rxc4 Re2 33. g3 Rb2+ 34. Bxb2 1-0

[Event "*** Biggest EVER Titled Tuesday"]
[Site "Chess.com"]
[Date "2018.04.17"]
[Round "7"]
[White "martinique24"]
[Black "Vamostodorecto"]
[Result "0-1"]
[WhiteElo "2303"]
[BlackElo "2368"]
[TimeControl "180+2"]
[EndTime "14:37:12 PDT"]
[Termination "Vamostodorecto won on time"]

1. e4 e5 2. Nf3 Nc6 3. Bb5 a6 4. Ba4 Nf6 5. O-O b5 6. Bb3 Bb7 7. a4 Bc5 8. c3 O-O 9. d4 Bd6 10. Bg5 h6 11. Bh4 Be7 12. Nbd2 d6 13. Bc2 exd4 14.
cxd4 Nh5 15. Bg3 Nxg3 16. hxg3 Bf6 17. Nb3 Nb4 18. Bb1 c5 19. e5 bxa4 20. exf6 axb3 21. fxg7 Kxg7 22. Qxb3 Bd5 23. Qe3 Re8 24. Qf4 Qf6 25. Qg4+ Kh8 26. dxc5 dxc5 27. Ra3 Re2 28. Qh5 Rae8 29.
Nh4 R8e5 30. Nf5 Rxb2 31. Qxh6+ Qxh6 32. Nxh6 Rh5 33. Nf5 Rxb1 34. Rxb1 Rxf5 0-1

[Event "*** Biggest EVER Titled Tuesday"]
[Site "Chess.com"]
[Date "2018.04.17"]
[Round "7"]
[White "Annawel"]
[Black "MITerryble"]
[Result "1-0"]
[WhiteElo "2865"]
[BlackElo "2660"]
[TimeControl "180+2"]
[EndTime "14:37:13 PDT"]
[Termination "Annawel won by resignation"]

1. Nf3 Nf6 2. d4 e6 3. Bg5 b6 4.
e3 Bb7 5. Nbd2 h6 6. Bh4 d6 7. a4 g5 8. Bg3 Nh5 9. a5 Bg7 10. Bb5+ c6 11. Bd3 Nxg3 12. hxg3 Nd7 13. c3 d5 14. e4 c5 15. e5 c4 16. Bc2 b5 17. Nh2 a6 18. O-O Qe7 19. f4 gxf4 20.
gxf4 f5 21. exf6 Nxf6 22. f5 O-O 23. Qe2 Rae8 24. Rae1 Bc8 25. Ng4 Nxg4 26. Qxg4 exf5 27. Rxe7 fxg4 28. Rxf8+ Kxf8 29. Rc7 g3 30. Nf1 Bg4 31. Nxg3 b4 32. Bf5 bxc3 33. bxc3 Re3 34. Bxg4 Rxg3 35. Bf3 Rg6 36. Bxd5 Rg5 37. Bxc4 Rxa5 38. Rf7+ 1-0

[Event "*** Biggest EVER Titled Tuesday"]
[Site "Chess.com"]
[Date "2018.04.17"]
[Round "7"]
[White "SCIM"]
[Black "GianmarcoVaR"]
[Result "0-1"]
[WhiteElo "2351"]
[BlackElo "2522"]
[TimeControl "180+2"]
[EndTime "14:37:13 PDT"]
[Termination "GianmarcoVaR won by resignation"]

1. d4 Nf6 2. c4 e6 3. Nc3 Bb4 4. Qc2 O-O 5. Nf3 d6 6. Bg5 Nbd7 7. e3 b6 8. Bd3 h6 9. Bh4 Bb7 10. a3 Bxc3+ 11. Qxc3 g5 12. Bg3 Ne4 13. Qc2 f5 14. h4 g4 15. Nd2 Nxg3 16. fxg3 Bxg2 17. Rg1 Bb7 18. O-O-O Qf6 19. Rgf1 Qg7 20. Rf2 Nf6 21. Rdf1 Nh5 22. Rg1 Rf7 23. d5 exd5 24. Bxf5 Bc8 25. Rgf1 Bxf5 26. Rxf5 Raf8 27. cxd5 Nxg3 28. Rxf7 Rxf7 29.
Rxf7 Qxf7 30. Qc4 h5 31. Kc2 Nf5 32. Qf4 Nxh4 33. Qh2 Nf3 34. Nxf3 gxf3 35. e4 f2 36. Qg2+ Kh7 37. Qf1 Qf3 0-1

[Event "*** Biggest EVER Titled Tuesday"]
[Site "Chess.com"]
[Date "2018.04.17"]
[Round "7"]
[White "SelfishShellfish"]
[Black "nochewycandy"]
[Result "1-0"]
[WhiteElo "2179"]
[BlackElo "2062"]
[TimeControl "180+2"]
[EndTime "14:37:15 PDT"]
[Termination "SelfishShellfish won by checkmate"]

1. d4 g6 2. e4 Bg7 3. Nc3 d6 4. f4 a6 5. Nf3 b5 6. Bd3 Nd7 7.
O-O Nh6 8. Ne2 c5 9. c3 Bb7 10. h3 f5 11. e5 dxe5 12. fxe5 e6 13. a4 Qb6 14. axb5 axb5 15. Rxa8+ Bxa8 16. Be3 cxd4 17. cxd4 Bd5 18. Qd2 Nf7 19. Nf4 Bxf3 20. Rxf3 Qa6 21.
Qb4 g5 22. Bxb5 Qa1+ 23. Rf1 Qa7 24. Nxe6 Bxe5 25. Rxf5 Bd6 26. Qa4 Qxa4 27. Bxa4 Ke7 28. Nxg5 Nd8 29. Ne4 Bb4 30. Bg5+ Ke6 31. Rb5 Be7 32.
Bb3# 1-0

[Event "*** Biggest EVER Titled Tuesday"]
[Site "Chess.com"]
[Date "2018.04.17"]
[Round "7"]
[White "BjarkeSahl"]
[Black "Journey_to_GrandMaster_YT"]
[Result "0-1"]
[WhiteElo "2210"]
[BlackElo "2383"]
[TimeControl "180+2"]
[EndTime "14:37:22 PDT"]
[Termination "Journey_to_GrandMaster_YT won by resignation"]

1. d4 d5 2. c3 c5 3. Nf3 Nc6 4. e3 Nf6 5. Nbd2 Bg4 6. h3 Bh5 7.
Qb3 Qb6 8. dxc5 Qxb3 9. axb3 Bxf3 10. gxf3 e6 11. b4 Be7 12. f4 Kd7 13. Nf3 a5 14. Bb5 Kc7 15. Bxc6 bxc6 16. bxa5 Ne4 17. b4 Bf6 18.
Ne5 Nxc3 19. Bd2 Ne4 20. f3 Ng3 21. Rg1 Nf5 22. Ke2 d4 23. e4 d3+ 24. Kf2 Nd4 25. Rg4 h5 26. Rg5 Bxg5 27. fxg5 f6 28. gxf6 gxf6 29.
Nxd3 Nb3 30. Be3 Nxa1 0-1

[Event "*** Biggest EVER Titled Tuesday"]
[Site "Chess.com"]
[Date "2018.04.17"]
[Round "7"]
[White "Bauxi435"]
[Black "StellarChessPro"]
[Result "0-1"]
[WhiteElo "2425"]
[BlackElo "2388"]
[TimeControl "180+2"]
[EndTime "14:37:23 PDT"]
[Termination "StellarChessPro won by resignation"]

1. d4 d5 2. c4 dxc4 3. e3 c5 4. Bxc4 cxd4 5. exd4 Nf6 6. Nf3 e6 7. O-O Be7 8. Nc3 O-O 9. Bf4 a6 10. a3 Nbd7 11. Rc1 Nb6 12. Ba2 Nbd5 13. Nxd5 Nxd5 14. Bg3 b5 15. Ne5 Bb7 16. Nc6 Bxc6 17. Rxc6 Qd7 18. Qc2 Bf6 19. Rd6 Qb7 20. Bxd5 exd5 21.
Qc5 Rfc8 22. Qxd5 Qxd5 23. Rxd5 Rc2 24. Rb1 Rac8 25. h4 g6 26. h5 gxh5 27. Rd6 R8c6 28.
Rxc6 Rxc6 29. d5 Rc2 30. Rd1 Kf8 31. d6 Ke8 32. d7+ Kd8 33. Kh2 Bxb2 34. Bh4+ f6 35. Kg3 Rc7 36. Rd6 Be5+ 37. f4 Bxd6 0-1

[Event "*** Biggest EVER Titled Tuesday"]
[Site "Chess.com"]
[Date "2018.04.17"]
[Round "7"]
[White "GameOverBro"]
[Black "jk13"]
[Result "0-1"]
[WhiteElo "2443"]
[BlackElo "2542"]
[TimeControl "180+2"]
[EndTime "14:37:24 PDT"]
[Termination "jk13 won by resignation"]

1. e4 e5 2. Nf3 Nc6 3. Bb5 a6 4. Ba4 Nf6 5. d4 exd4 6. O-O b5 7. Bb3 d6 8. Ng5 Ne5 9. f4 Nc4 10. Bxc4 bxc4 11. Qxd4 h6 12. Nf3 d5 13. exd5 Qxd5 14.
Re1+ Be7 15. Qxd5 Nxd5 16. Ne5 Be6 17. Nxc4 Nb4 18. Nca3 O-O 19. Bd2 Rfd8 20. Bc3 Bc5+ 21. Kh1 Nxa2 22. Ba5 Rd7 23. Nc3 Nxc3 24. Bxc3 Rad8 25.
h3 Bf2 26. Rf1 Bb6 27. f5 Bd5 28. f6 g5 29. Rad1 Bxg2+ 30. Kxg2 Rxd1 31. Rf5 Rg1+ 32. Kh2 Rdd1 33. Re5 Kh7 34. Re7 Kg6 35. Nc4 Bf2 36. Ne5+ Kh5 37. h4 g4 38. Nxg4 Rxg4 39. Re5+ Kxh4 0-1

[Event "*** Biggest EVER Titled Tuesday"]
[Site "Chess.com"]
[Date "2018.04.17"]
[Round "7"]
[White "SilverCat1992"]
[Black "JosephRyan"]
[Result "1-0"]
[WhiteElo "2066"]
[BlackElo "2074"]
[TimeControl "180+2"]
[EndTime "14:37:24 PDT"]
[Termination "SilverCat1992 won by resignation"]

1. e4 e6 2. d4 d5 3. Nc3 Bb4 4. e5 Ne7 5. Bd2 b6 6. Qg4 Nf5 7. Bb5+ c6 8. Bd3 h5 9. Qh3 Nxd4 10.
O-O-O Ba6 11. Bxa6 Nxa6 12. g4 Qd7 13. gxh5 O-O-O 14. Qd3 Nb5 15. Nxb5 Bxd2+ 16. Rxd2 cxb5 17. a4 Nc5 18.
Qxb5 Qxb5 19. axb5 Rxh5 20. Nf3 Rdh8 21. Rg1 g6 22.
Ng5 Ne4 23. Nxe4 dxe4 24. Rgd1 Rxh2 25. Rd7 Rxf2 26. Rxa7 e3 27. Ra8+ Kb7 28. Rxh8 e2 29.
Re1 g5 30. Rg8 Rf5 31. Kd2 Kc7 32. Rxe2 Kd7 33. Kd3 Ke7 34. Re4 Rf3+ 35. Kd4 Rf2 36. Kd3 Rf3+ 37. Re3 Rf5 38. c4 Rf2 39. b4 Rg2 40. c5 g4 41. c6 Rc2 42. Kxc2 f5 43. exf6+ Kf7 44. Rxg4 Kxf6 45. Rge4 e5 46. Rxe5 Kf7 47.
c7 Kf6 48. c8=Q Kf7 49. Qe6+ 1-0

[Event "*** Biggest EVER Titled Tuesday"]
[Site "Chess.com"]
[Date "2018.04.17"]
[Round "7"]
[White "Slovak_fighter2000"]
[Black "jlandaw"]
[Result "0-1"]
[WhiteElo "2269"]
[BlackElo "2476"]
[TimeControl "180+2"]
[EndTime "14:37:25 PDT"]
[Termination "jlandaw won by resignation"]

1. d4 d5 2. Bf4 Nf6 3. Nf3 g6 4. e3 Bg7 5. h3 O-O 6. c4 c5 7.
Nc3 cxd4 8. exd4 Nc6 9. Be2 dxc4 10. Bxc4 Qb6 11. Bb3 Rd8 12. Be3 Na5 13. O-O Nxb3 14. Qxb3 Qxb3 15. axb3 Be6 16. Nd2 Nd5 17. Nde4 Nxc3 18.
bxc3 Bxb3 19. Nd2 Bd5 20. Rfb1 a5 21. Ra3 e6 22. c4 Bc6 23. Nb3 a4 24. Nc5 Bxd4 25.
Bxd4 Rxd4 26. Rb4 b5 27. Nd3 Rxc4 28. Rxc4 bxc4 29. Nb2 Bb5 30. f4 c3 31. Rxc3 a3 0-1

[Event "*** Biggest EVER Titled Tuesday"]
[Site "Chess.com"]
[Date "2018.04.17"]
[Round "7"]
[White "lachesisQ"]
[Black "Vahe_Dan1"]
[Result "0-1"]
[WhiteElo "2919"]
[BlackElo "2553"]
[TimeControl "180+2"]
[EndTime "14:37:30 PDT"]
[Termination "Vahe_Dan1 won by checkmate"]

1. e4 e5 2. d4 exd4 3. Qxd4 Nc6 4. Qe3 Nf6 5. Nc3 Bb4 6. Bd2 O-O 7. O-O-O Re8 8. Qg3 Rxe4 9. a3 Bd6 10. f4 Bc5 11. Nf3 d5 12. Bd3 Re7 13. f5 d4 14. Nb5 a6 15.
Bg5 Kh8 16. Bxf6 gxf6 17. Qh4 Rd7 18. g4 axb5 19. g5 Be7 20. g6 fxg6 21. fxg6 Bd6 22. Rdg1 Rg7 23. gxh7 Bf8 24. Rxg7 Bxg7 25. Rg1 Be6 26.
Qg3 Bh6+ 27. Kb1 Qd5 28. b3 Rxa3 29. Nd2 Ne5 30. Bf5 Bg5 31. Be4 Qc5 32. h4 Qa7 33. c3 dxc3 34. hxg5 Ra1+ 35. Kc2 Qa2+ 36. Kxc3 b4+ 37.
Kxb4 Qa5# 0-1